AoeStats
← 散步黑鵝

Arabia

507724619Analyzed
4v4 RM · 14d ago on Sep 19, 2026· 17m 53s· 8 players
Game mode
Random Map
Map size
Large (8 player)
Population
200
Speed
Normal
Resources
Standard
Victory
Conquest
Starting age
Dark Age
Ending age
Imperial Age
RankedLock teamsTeams togetherTeam positionsShared explorationLock speedFull tech treeHidden civsTurbo modeCheats
Victory
Defeat
🇹🇼 Khmer · Taiwan
2063
+3
🇭🇰 Maya · Hong Kong SAR China
2052
+3
🇹🇼 Magyars · Taiwan
2040
+4
🇹🇼 Britons · Taiwan
1946
+5
🇰🇿 Franks · Kazakhstan
1829
-6
🇺🇸 Ethiopians · United States
1666
-4
🇭🇰 Maya · Hong Kong SAR China
1634
-3
🇹🇼 Persians · Taiwan
1574
-2
SHell | Denchik_Ne_Lohx
6:06 Loom
8:57 Feudal Age
16:12 Scale Barding Armor
17:03 Forging
joosephy
7:50 Loom
10:03 Feudal Age
11:36 Wheelbarrow
10:47 Double-Bit Axe
15:31 Scale Barding Armor
18:10 Forging
Fe
0:26 Loom
9:15 Feudal Age
12:07 Fletching
17:10 Padded Archer Armor
deev
6:37 Loom
8:43 Feudal Age
13:26 Fletching
15:50 Padded Archer Armor
ANKR.Navvy
5:15 Loom
9:02 Feudal Age
10:15 Double-Bit Axe
12:29 Fletching
Nezzar
0:26 Loom
8:54 Feudal Age
10:18 Double-Bit Axe
12:59 Fletching
Rayz
8:54 Feudal Age
9:23 Double-Bit Axe
12:08 Horse Collar
12:55 Loom
13:30 Bloodlines
16:20 Scale Barding Armor
17:01 Wheelbarrow
17:51 Forging
散步黑鵝
8:52 Feudal Age
9:28 Double-Bit Axe
14:01 Bloodlines
15:36 Horse Collar
16:24 Scale Barding Armor
Connection lost

Rejoining the realm…

Still unreachable

The connection could not be restored.

Session expired

The server has moved on; the page needs a fresh start.